 Dungeon Crawl Stone Soup version 0.30-a0-591-g3c58d2bc28 (webtiles) character file.

Game seed: 14301820323140629066

5 Leeroy the Conjurer (level 1, 0/12 HPs)
             Began as a Tengu Reaver on Jan 4, 2023.
             Frozen to death by an endoplasm (5 damage)
             ... on level 1 of the Dungeon.
             The game lasted 00:00:12 (71 turns).

Leeroy the Conjurer (Tengu Reaver)                    Turns: 71, Time: 00:00:13

Health: 0/12       AC:  3    Str: 12    XL:     1   Next: 80%
Magic:  4/4        EV: 11    Int: 13    God:
Gold:   0          SH:  0    Dex: 12    Spells: 3/4 levels left

rFire   . . .      SeeInvis .    a - +0 falchion
rCold   . . .      Faith    .    (no shield)
rNeg    . . .      Spirit   .    b - +0 leather armour
rPois   .          Reflect  .    (helmet restricted)
rElec   .          Harm     .    (no cloak)
rCorr   .          Rampage  .    (no gloves)
Will    .....                    (boots unavailable)
Stlth   +                        (no amulet)
HPRegen 0.22/turn                (no ring)
MPRegen 0.09/turn                (no ring)

@: no status effects
A: beak, talons 3
a: no special abilities


You were on level 1 of the Dungeon.
You visited 1 branch of the dungeon, and saw 1 of its levels.

Inventory:

Hand Weapons
 a - a +0 falchion (weapon)
Armour
 b - a +0 leather armour (worn)


   Skills:
 - Level 2.0 Fighting
 + Level 3.5 Long Blades
 - Level 2.1 Dodging
 - Level 2.0 Spellcasting
 + Level 4.2 Conjurations


You had 3 spell levels left.
You knew the following spells:

 Your Spells              Type           Power      Damage    Failure   Level
a - Kiss of Death         Conj/Necr      24%        2d7       14%         1

Your spell library contained the following spells:

 Spells                   Type           Power      Damage    Failure   Level
 Momentum Strike          Conj/Tloc      12%        3d8       21%         2
 Hailstorm                Conj/Ice       6%         3d4       38%         3


Dungeon Overview and Level Annotations

Branches:
Dungeon (1/15)

Altars:


Innate Abilities, Weirdness & Mutations

You have a beak for a mouth.
You have claws for feet.


Message History

No target in view!
No target in view!
No target in view!
HP restored.
A jackal and a giant cockroach come into view.
Found 2 metallic purple potions and a scroll labelled JAEZOY HUMENN.
There are monsters nearby!
There are monsters nearby!
The jackal barks!
You hear a shout!
A jackal comes into view.
The jackal barks!
A jackal comes into view.
An endoplasm comes into view.
Found a stone staircase leading down.
The giant cockroach closely misses you.
You barely miss the giant cockroach.
The jackal barks!
You claw the giant cockroach.
You kill the giant cockroach!
You miss the jackal. The jackal bites you.
A hobgoblin comes into view.
You barely miss the jackal. You claw the jackal.
You peck the jackal, but do no damage.
The jackal is heavily wounded.
The jackal bites you but does no damage.
You closely miss the jackal. You claw the jackal.
You kill the jackal!
The jackal bites you. The jackal misses you. The jackal barely misses you.
The jackal closely misses you.
You barely miss the jackal. Your kick misses the jackal. The jackal bites you.
The jackal closely misses you.
You barely miss the jackal. You claw the jackal.
You peck the jackal, but do no damage.
The jackal is lightly wounded.
The jackal bites you but does no damage.
The jackal barely misses you. x2; The jackal bites you.
The endoplasm closely misses you.
You are too injured to fight recklessly!
The endoplasm freezes you.
You are frozen.
You die...

#≈≈≈~~.. ..
#≈≈≈≈~~~ .....
### #≈≈≈≈≈~~
..... ..
#≈≈≈≈~~~
.....###..
#≈≈≈≈~~~
.........
#≈≈≈≈~≈~
.....[... .
#≈≈≈~~~~
?......h####...#
#≈≈≈~~≈~
......gJ@...>#
#≈≈~~≈≈~
.......h######
#≈≈~~≈≈~
........#..
#≈≈~~≈≈~
!.......#.######
#≈~~~~≈~
........#......#
#.......
.##+###†...# #.#
#.8.⌠⌠⌠( ####.#
#.###....... #.#
#†..###+###'
#.###.#.........


You could see an endoplasm, 2 jackals and a hobgoblin.

Vanquished Creatures
  A giant cockroach (D:1)
  A jackal (D:1)
  A ball python (D:1)
  2 bats (D:1)
5 creatures vanquished.

Notes
Turn   | Place    | Note
-------+----------+-------------------------------------------
     0 | D:1      | Leeroy the Tengu Reaver began the quest for the Orb.
     0 | D:1      | Reached XP level 1. HP: 12/12 MP: 4/4
    71 | D:1      | Frozen to death by an endoplasm

Illustrated notes

Levels and vault maps discovered:
D:1:      zaba_arrival_water, layout_basic

Action                   || total
-------------------------++-------
Melee: Falchion          ||    10
       Kick              ||     4
       Peck              ||     2
Armor: Leather armour    ||     4
Dodge: Dodged            ||     8

Table legend: (Time is in decaauts)
 A = Elapsed time spent in this place.
 B = Non-inter-level travel time spent in this place.
 C = Inter-level travel time spent in this place.
 D = Time resting spent in this place.
 E = Time spent auto-exploring this place.
 F = Levels seen in this place.
 G = Mean time per level.
                   A        B        C        D        E       F      G
               +--------+--------+--------+--------+--------+-----+--------+
         Total |     79 |     79 |      0 |      0 |     58 |   1 |   79.0 |
       Dungeon |     79 |     79 |      0 |      0 |     58 |   1 |   79.0 |
               +--------+--------+--------+--------+--------+-----+--------+

Top non-repeatable levels by time:
     D:1: 79 daAuts
